 Zot Defence DCSS version 0.15.2 (webtiles) character file.

15363 hexophile the Fighter (level 9, 0/78 (83) HPs)
             Began as a Ghoul Fighter on Jan 28, 2016.
             Was an Initiate of Makhleb.
             Slain by an orange demon (6 damage)
             ... summoned by Frances
             ... in the Realm of Zot (Scenario I: Hall of Zot).
             The game lasted 00:02:06 (3445 turns).

hexophile the Fighter (Ghoul Fighter)               Turns: 3445, Time: 00:02:06

HP   0/78 (83)   AC  7     Str 20      XL: 9   Next: 44%
MP   7/7         EV  9     Int  6      God: Makhleb [......]
Gold 9           SH  0     Dex  8      Spells:  0 memorised,  8 levels left

rFire  . . .     SeeInvis .     a - +0 war axe
rCold  + . .     Clarity  .     b - +0 scale mail
rNeg   + + +     rCorr    .     (no shield)
rPois  +         rRot     +     (no helmet)
rElec  .         Spirit   .     (no cloak)
SustAb .         Warding  .     (no gloves)
rMut   .         Stasis   .     (no boots)
Saprov + + +                    (no amulet)
MR     .....                    (no ring)
                                (no ring)

@: rotting, not resistant to hostile enchantments, extremely unstealthy
A: rotting body, claws 1, carnivore 3, cold resistance 1, negative energy
resistance 3, poison resistance, saprovore 3, slow healing 1, torment
resistance, unbreathing
a: Make oklob sapling, Make arrow trap, Make plant, Remove Curse, Make burning
bush, Make altar, Make grenades, Make oklob plant, Make net trap, Make ice
statue, Renounce Religion
}: 1/15 runes: obsidian


You were in the Realm of Zot.
You worshipped Makhleb.
Makhleb was noncommittal.
You were not hungry.

You visited 1 branch You collected 9 gold pieces.


Innate Abilities, Weirdness & Mutations

Your body is rotting away.
You have sharp fingernails.
You are carnivorous and can eat meat at any time.
Your flesh is cold resistant.
You are immune to negative energy.
Your system is resistant to poisons.
You thrive on rotten meat.
You heal slowly when monsters are visible.
You are immune to unholy pain and torment.
You can survive without breathing.

Inventory:

Hand weapons
 a - a +0 war axe (weapon)
Armour
 b - a +0 scale mail (worn)
 c - a +0 cloak
Scrolls
 j - a scroll of blinking
Potions
 d - 3 potions of curing
 e - a potion of might
 f - a potion of heal wounds
 h - 2 potions of magic


You had 8 spell levels left.
You didn't know any spells.


   Skills:
 * Level 9.1 Fighting
 * Level 7.4 Axes
 - Level 5.7 Armour
   Level 2.6 Shields

Dungeon Overview and Level Annotations

Branches:
    Zot (1/1)

Altars:
Makhleb

Annotations:
Zot Frances

Vault maps used:
Zot:      zotvault
You       could see Frances, an orange demon, a hellwing, 3 wizards, 2 humans, a
          chaos spawn, a harpy simulacrum, a seven-headed hydra zombie, a
          centaur zombie and a griffon skeleton.


Message History

You closely miss the wizard.
The wizard is heavily wounded.
The wizard mumbles some strange words.
The wizard blinks!
The necromancer casts a spell.
The necromancer flickers and vanishes!
Deactivating autopickup; reactivate with Ctrl-A.
You closely miss the wizard.
The wizard is heavily wounded.
You hit the wizard but do no damage.
The wizard is heavily wounded.
The wizard howls an incantation.
The wizard glows brightly for a moment.
You swing at nothing.
Frances says, "Would you challenge me, knowing my power?"
The wizard casts a spell.
The wizard glows brightly for a moment.
The wizard gestures wildly while chanting.
The wizard blinks!
You swing at nothing.
The wizard gestures wildly while chanting.
The wizard blinks!
The wizard mumbles some strange words.
The wizard blinks!
You hit the griffon skeleton. You slash the centaur zombie! You hit Frances.
Frances is lightly wounded.
The wizard gestures wildly while chanting.
The wizard blinks!
You slash the griffon skeleton! You slash the centaur zombie! You hit Frances.
Frances is lightly wounded.
The soul eater disappears in a puff of smoke!
You hit Frances but do no damage.
Frances is lightly wounded.
You hit the centaur zombie. You hit the griffon skeleton.
The wizard casts a spell.
The wizard blinks!
You hit Frances.
Frances is lightly wounded.
You hit the centaur zombie but do no damage.
You hit the griffon skeleton.
Frances chants phrases taken from a devil's mouth.
You closely miss the orange demon. You hit Frances but do no damage.
Frances is lightly wounded.
You hit the centaur zombie. You slash the griffon skeleton!
The hellwing disappears in a puff of smoke!
The wizard casts a spell.
The wizard's fingertips start to glow.
Frances mutters a nigh-unspeakable word.
The orange demon barely misses you. The orange demon hits you.
You die...

Action                   |  1- 3 |  4- 6 |  7- 9 || total
-------------------------+-------+-------+-------++-------
Melee: War axe           |     8 |    14 |   135 ||   157
 Abil: Make altar        |       |       |     1 ||     1
  Eat: Chunk             |       |       |     7 ||     7

Notes
Turn   | Place    | Note
--------------------------------------------------------------
     0 | Zot      | hexophile, the Ghoul Fighter, began the quest for the Orb.
     0 | Zot      | Reached XP level 1. HP: 19/19 MP: 1/1
  1887 | Zot      | Noticed a worker ant
  1891 | Zot      | Noticed a deep elf mage
  1895 | Zot      | Noticed a quasit
  1896 | Zot      | Noticed a crimson imp
  1901 | Zot      | Noticed a crimson imp
  1901 | Zot      | Noticed Maurice
  1918 | Zot      | Killed a crimson imp
  1918 | Zot      | Reached skill level 4 in Fighting
  1918 | Zot      | Reached skill level 2 in Axes
  1918 | Zot      | Reached skill level 3 in Armour
  1918 | Zot      | Reached XP level 2. HP: 16/20 MP: 2/2
  1918 | Zot      | Reached XP level 3. HP: 20/26 MP: 3/3
  1918 | Zot      | Reached XP level 4. HP: 25/33 MP: 3/3
  1928 | Zot      | Killed a worker ant
  1928 | Zot      | Reached skill level 3 in Axes
  1928 | Zot      | Reached XP level 5. HP: 29/40 MP: 4/4
  1929 | Zot      | Killed a quasit
  1938 | Zot      | Killed a deep elf mage
  1938 | Zot      | Reached skill level 5 in Fighting
  1938 | Zot      | Reached skill level 4 in Axes
  1938 | Zot      | Reached skill level 4 in Armour
  1938 | Zot      | Reached XP level 6. HP: 35/49 MP: 5/5
  1938 | Zot      | Reached XP level 7. HP: 38/54 MP: 5/5
  1945 | Zot      | Killed a crimson imp
  2057 | Zot      | Killed Maurice
  2057 | Zot      | Reached skill level 7 in Fighting
  2057 | Zot      | Reached skill level 5 in Axes
  2057 | Zot      | Reached skill level 5 in Armour
  2057 | Zot      | Reached XP level 8. HP: 37/67 MP: 6/6
  2074 | Zot      | Became a worshipper of Makhleb the Destroyer
  2086 | Zot      | Reached skill level 6 in Axes
  2154 | Zot      | Reached skill level 8 in Fighting
  2154 | Zot      | Reached XP level 9. HP: 55/75 MP: 7/7
  2197 | Zot      | Reached skill level 9 in Fighting
  2197 | Zot      | Reached skill level 7 in Axes
  2239 | Zot      | Got an obsidian rune of Zot
  3370 | Zot      | Noticed a wizard
  3386 | Zot      | Noticed a wizard
  3391 | Zot      | Noticed a necromancer
  3391 | Zot      | Noticed a centaur zombie
  3394 | Zot      | Noticed a wizard
  3401 | Zot      | Noticed Frances
  3402 | Zot      | Noticed a sun demon
  3402 | Zot      | Noticed a red devil
  3404 | Zot      | Noticed a red devil
  3425 | Zot      | Noticed a hellwing
  3425 | Zot      | Noticed a soul eater
  3431 | Zot      | Noticed a hellwing
  3445 | Zot      | Noticed an orange demon
  3445 | Zot      | Slain by an orange demon

Table legend:
 A = Turns spent in this place as a percentage of turns spent in the entire game.
 B = Non-inter-level travel turns spent in this place as a percentage of non-inter-level travel turns spent in the entire game.
 C = Inter-level travel turns spent in this place as a percentage of turns spent in this place.
 D = Turns resting spent in this place as a percentage of non-inter-level travel turns spent in this place.
 E = Turns spent auto-exploring this place as a percentage of non-inter-level travel turns spent in this place.
 F = Non-inter-level travel turns spent in this place divided by the number of levels of this place that you've seen.
                   A       B       C       D       E      F
               +-------+-------+-------+-------+-------+----------------------
         Total | 100.0 | 100.0 |   0.1 |   7.5 |   0.0 | 697.0
           Zot | 100.0 | 100.0 |   0.1 |   7.5 |   0.0 | 697.0
               +-------+-------+-------+-------+-------+----------------------

Table legend:
 A = Kills in this place as a percentage of kills in entire the game.
 B = Kills by you in this place as a percentage of kills by you in the entire game.
 C = Kills by friends in this place as a percentage of kills by friends in the entire game.
 D = Other kills in this place as a percentage of other kills in the entire game.
 E = Experience gained in this place as a percentage of experience gained in the entire game.
 F = Experience gained in this place divided by the number of levels of this place that you have seen.
                   A       B       C       D       E      F
               +-------+-------+-------+-------+-------+----------------------
         Total | 100.0 | 100.0 |  -nan |  -nan | 100.0 | 3376.0
           Zot | 100.0 | 100.0 |  -nan |  -nan | 100.0 | 3376.0
               +-------+-------+-------+-------+-------+----------------------

Vanquished Creatures
  Maurice (Zot)
  A shadow (Zot)
  A deep elf mage (Zot)
  A water moccasin (Zot)
  4 killer bees (Zot)
  2 crimson imps (Zot)
  3 quasits (Zot)
  A basilisk skeleton (Zot)
  A worker ant (Zot)
  An orc (Zot)
  A kobold (Zot)
  A bat (Zot)
  A goblin (Zot)
19 creatures vanquished.
